 Dungeon Crawl Stone Soup version 0.17.1-3-g152610e (webtiles) character file.

11 Charly the Grave Robber (level 2, 0/22 HPs)
             Began as a Naga Necromancer on May 3, 2016.
             Was an Initiate of Cheibriados.
             Slain by a hound (1 damage)
             ... on level 6 of the Dungeon.
             The game lasted 00:04:29 (289 turns).

Charly the Grave Robber (Naga Necromancer)           Turns: 289, Time: 00:04:29

Health: 0/22       AC:  1    Str: 16    XL:     2   Next: 29%
Magic:  0/5        EV: 10    Int: 16    God:    Cheibriados [......]
Gold:   55         SH:  0    Dex: 12    Spells: 1 memorised, 4 levels left

rFire  . . .     SeeInvis +       - Unarmed
rCold  . . .     Clarity  .     a - +0 robe
rNeg   . . .     SustAt   .     (no shield)
rPois  +         Gourm    .     (no helmet)
rElec  .         Spirit   .     (no cloak)
rCorr  .         Warding  .     (no gloves)
rMut   .         Stasis   .     (no barding)
MR     .....                    (no amulet)
Stlth  ++........               (no ring)
                                (no ring)

@: mighty, very slightly contaminated, very slow, not resistant to hostile
enchantments, unstealthy
A: see invisible, deformed body, poison resistance, slowness 2, slow metabolism
1, spit poison 2, AC +0
a: Spit Poison, Bend Time, Renounce Religion


You were on level 6 of the Dungeon.
You worshipped Cheibriados.
Cheibriados was noncommittal.
You were not hungry.

You visited 1 branch of the dungeon, and saw 6 of its levels.

You collected 55 gold pieces.

Inventory:

Armour
 a - a +0 robe (worn)
Scrolls
 d - 2 scrolls of remove curse
 f - a scroll of magic mapping {unknown}
 g - a scroll of teleportation
Books
 b - a book of Necromancy

   Spells                             Type                      Level
   a - Pain                           Necromancy                   1
   b - Animate Skeleton               Necromancy                   1
   c - Vampiric Draining              Necromancy                   3
   d - Regeneration                   Charms/Necromancy            3
   e - Animate Dead                   Necromancy                   4
   f - Control Undead                 Necromancy                   4
Comestibles
 c - a bread ration


   Skills:
 - Level 1.5 Dodging
 - Level 3.0 Stealth
 + Level 1.9 Unarmed Combat
 - Level 2.0 Spellcasting
 - Level 4.0 Necromancy


You had 4 spell levels left.
You knew the following spells:

 Your Spells              Type           Power        Failure   Level  Hunger
p - Pain                  Necr           ##..         4%          1    #......


Dungeon Overview and Level Annotations

Branches:
Dungeon (6/15)
 Temple: D:4-7

Altars:
Cheibriados


Innate Abilities, Weirdness & Mutations

You cannot wear boots.
Your serpentine skin is tough (AC +0).
You have supernaturally acute eyesight.
Armour fits poorly on your strangely shaped body.
Your system is resistant to poisons.
You cover ground very slowly.
You have a slow metabolism.
You can spit poison.


Message History

Press: ? - help, Shift-Dir - straight line, f/p - hound
Aim: a hound (almost dead, chance to defeat MR: 79%)
You miscast Pain.
You are very lightly contaminated with residual magic.
You feel very uncomfortable. The hound misses you.
Casting: Pain
Confirm with . or Enter, or press ? or * to list all spells.
Aiming: Pain
Press: ? - help, Shift-Dir - straight line, f/p - hound
Aim: a hound (almost dead, chance to defeat MR: 79%)
The hound barely resists.
You have got your breath back.
The hound bites you.
* * * LOW HITPOINT WARNING * * *
The hound misses you.
Drink which item? (? for menu, Esc to quit)
It was a potion of might.
You feel very mighty all of a sudden. The hound bites you.
You die...

#....#######.(.##...#
#.....(.............#
#...................#
#...................#
#...................#
#...................#
#######...##........#
.########........#
.........@.......#
....../.h........#
.......5.........#
.##....##........#
#....##........#
#....#....##...#
#...)#...<# ...#
....h.#...........
...5...#....(.......


You could see a hound and a crimson imp.

Vanquished Creatures
  An ooze (D:1)
  A hobgoblin (D:2)
  A quokka (D:6)
  A ball python (D:1)
  2 bats
  2 rats
8 creatures vanquished.

Notes
Turn   | Place    | Note
--------------------------------------------------------------
     0 | D:1      | Charly the Naga Necromancer began the quest for the Orb.
     0 | D:1      | Reached XP level 1. HP: 15/15 MP: 3/3
   136 | D:1      | Reached skill level 1 in Unarmed Combat
   136 | D:1      | Reached XP level 2. HP: 4/22 MP: 0/5
   201 | D:5      | Entered Level 5 of the Dungeon
   209 | D:6      | Found a snail-covered altar of Cheibriados.
   218 | D:6      | Became a worshipper of Cheibriados the Contemplative
   271 | D:5      | Noticed an ogre
   288 | D:6      | HP: 1/22 [hound (2)]
   289 | D:6      | Slain by a hound

Action                   || total
-------------------------++-------
Melee: Unarmed           ||     5
 Cast: Pain              ||     8
 Abil: Spit Poison       ||    10
  Use: Scroll            ||     2
       Potion            ||     1
